AoeStats
← [Massa] Edo

African Clearing

510630893Analyzed
2v2 RM · 8h ago on Oct 1, 2026· 38m 6s· 4 players
Game mode
Random Map
Map size
Medium (4 player)
Population
200
Speed
Normal
Resources
Standard
Victory
Conquest
Starting age
Dark Age
Ending age
Imperial Age
RankedLock teamsTeams togetherTeam positionsShared explorationLock speedFull tech treeHidden civsTurbo modeCheats
Victory
Defeat
🇧🇷 Hindustanis · Brazil
1404
+15
🇧🇷 Magyars · Brazil
1400
+15
🇬🇧 Wu · United Kingdom
1394
-16
🇬🇧 Varangians · United Kingdom
1350
-14
Assistant Berry Masseuse
9:15 Loom
9:57 Loom
12:25 Feudal Age
13:01 Double-Bit Axe
13:12 Man-at-Arms
20:37 Fletching
24:08 Castle Age
22:59 Scale Mail Armor
25:34 Forging
25:57 Squires
26:16 Chain Mail Armor
34:37 Pikeman
36:46 Long Swordsman
BerryTasteTester
6:42 Loom
11:42 Feudal Age
12:31 Loom
15:07 Scale Barding Armor
15:16 Forging
15:19 Bloodlines
16:24 Scale Barding Armor
21:22 Castle Age
21:29 Gold Mining
22:36 Chain Barding Armor
22:08 Double-Bit Axe
23:01 Horse Collar
29:41 Bow Saw
30:59 Pikeman
31:43 Husbandry
32:57 Wheelbarrow
33:51 Iron Casting
36:28 Fletching
36:38 Padded Archer Armor
37:06 Elite Skirmisher
[Massa] Edo
9:38 Loom
12:17 Feudal Age
12:51 Double-Bit Axe
17:56 Horse Collar
20:35 Scale Barding Armor
23:27 Wheelbarrow
24:15 Bloodlines
28:12 Castle Age
26:47 Fletching
27:45 Padded Archer Armor
29:09 Thumb Ring
29:51 Bow Saw
30:05 Bodkin Arrow
31:09 Husbandry
32:34 Leather Archer Armor
33:44 Ballistics
36:39 Gold Mining
tg
9:30 Loom
11:57 Feudal Age
13:18 Double-Bit Axe
15:53 Town Watch
17:47 Fletching
22:03 Horse Collar
26:23 Castle Age
24:41 Scale Barding Armor
24:56 Forging
26:54 Scale Barding Armor
28:01 Bow Saw
29:17 Chain Barding Armor
33:55 Bodkin Arrow
34:12 Bloodlines
36:30 Heavy Plow
37:10 Wheelbarrow
Connection lost

Rejoining the realm…

Still unreachable

The connection could not be restored.

Session expired

The server has moved on; the page needs a fresh start.